Map: Eternal Empire LE

Players

Cyanine - Winner!

  • Race: Terran Terran
  • League: Grandmaster
  • Spawn Location: 7:00

A.I. 1 (Very Easy)

  • Race: Zerg Zerg
  • Spawn Location: 1:00

VOD

Have the link to the VOD?

Description

Time

  • Played on: May 2, 2020, 9:06 a.m.
  • Length: 13:00
Show
View Real Time Build Order
Export as new Build Order

Cyanine Terran - Winner!

Build Orders: Reaper Expand, Hellion Banshee 

Get SALT Encoding   

  12  0:02  SCV  
  13  0:14  SCV  
  13  0:18  Supply Depot  
  14  0:26  SCV  
  15  0:40  SCV  
  15  0:42  Barracks  
  16  0:46  Refinery  
  16  0:52  SCV  
  17  1:04  SCV  
  18  1:16  SCV  
  19  1:30  Reaper  
  19  1:31  Orbital Command  
  20  1:40  Command Center  
  20  1:49  Supply Depot  
  20  1:56  SCV  
  21  2:02  Marine  
  22  2:08  SCV  
  22  2:11  Factory  
  22  2:15  Refinery  
  23  2:21  SCV  
  24  2:23  Barracks Reactor  
  24  2:33  SCV  
  25  2:45  SCV  
  26  2:52  Orbital Command  
  26  2:57  SCV, Starport  
  27  3:08  Hellion x2  
  27  3:09  SCV  
  27  3:12  Barracks Tech Lab  
  32  3:17  Supply Depot  
  32  3:18  SCV  
  33  3:21  SCV  
  34  3:29  Hellion x2  
  34  3:32  SCV  
  39  3:36  SCV  
  39  3:39  Cloaking Field, Barracks Tech Lab  
  39  3:40  Banshee  
  43  3:44  SCV  
  44  3:48  SCV  
  44  3:51  Hellion x2  
  44  3:55  Supply Depot  
  49  3:56  SCV  
  49  4:00  Marine  
  49  4:01  Stimpack  
  49  4:02  SCV  
  52  4:08  SCV  
  53  4:14  SCV  
  54  4:18  Factory Reactor  
  54  4:22  Command Center  
  54  4:24  Banshee  
  54  4:26  SCV  
  54  4:28  SCV  
  59  4:35  Barracks  
  59  4:36  Barracks  
  59  4:39  SCV  
  59  4:40  SCV  
  59  4:44  Supply Depot  
  61  4:52  Engineering Bay x2  
  61  4:56  Refinery  
  61  4:57  SCV  
  61  4:58  Refinery  
  62  5:05  SCV  
  63  5:08  Supply Depot  
  63  5:09  SCV  
  63  5:14  Siege Tank  
  67  5:17  Starport Reactor, SCV  
  67  5:21  Marine  
  68  5:23  Marine  
  68  5:27  Terran Infantry Weapons Level 1, Terran Infantry Armor Level 1  
  70  5:29  Marine x2, SCV x2  
  70  5:30  Marine  
  70  5:34  Orbital Command  
  75  5:37  Supply Depot  
  75  5:41  Marine  
  75  5:42  SCV x2, Marine  
  79  5:48  Siege Tank  
  82  5:53  Marine  
  82  5:54  SCV x2, Marine  
  82  5:55  Marine  
  87  5:57  Combat Shield  
  87  5:59  Marine  
  87  6:00  Marine  
  87  6:01  Medivac  
  87  6:03  Orbital Command  
  91  6:06  SCV x2  
  91  6:10  Medivac  
  95  6:17  Supply Depot  
  95  6:18  SCV x2  
  97  6:21  Armory  
  97  6:22  Marine x2  
  97  6:24  Marine  
  100  6:27  Marine, Supply Depot  
  100  6:28  Supply Depot  
  101  6:39  Marine, SCV x3  
  105  6:45  Refinery x2  
  105  6:46  Marine  
  105  6:47  Marine x3  
  105  6:50  Supply Depot  
  105  6:51  SCV x3  
  105  6:52  Supply Depot  
  112  6:55  Barracks x2  
  112  6:58  Siege Tank  
  115  7:03  SCV x3  
  118  7:15  SCV x2, Supply Depot  
  120  7:16  Marine x5, Supply Depot  
  120  7:20  Factory  
  120  7:21  Terran Infantry Weapons Level 2  
  125  7:24  Medivac x2  
  125  7:28  SCV  
  125  7:29  SCV  
  131  7:31  SCV  
  131  7:35  Marine x2, Siege Tank  
  131  7:36  Marine  
  138  7:37  Marine  
  138  7:38  Marine  
  138  7:41  SCV  
  138  7:42  Supply Depot  
  141  7:44  Supply Depot  
  141  7:47  Barracks Reactor x2  
  141  7:48  Terran Infantry Armor Level 2  
  141  7:50  SCV x2  
  143  7:53  SCV  
  144  8:02  SCV x2  
  144  8:05  Factory Tech Lab, Command Center  
  146  8:10  Marine x5  
  146  8:11  Supply Depot  
  146  8:12  Supply Depot, Medivac, Siege Tank  
  156  8:15  Medivac  
  156  8:18  Terran Vehicle And Ship Armor Level 1  
  158  8:23  SCV x3  
  158  8:24  Siege Tank  
  164  8:32  Barracks  
  164  8:35  Supply Depot, Barracks  
  164  8:36  Barracks  
  164  8:40  Marine  
  164  8:41  Marine x5, Supply Depot x2  
  170  8:42  Marine  
  170  8:43  Medivac  
  170  8:46  Medivac  
  175  8:50  SCV  
  176  8:59  Siege Tank  
  176  9:00  Siege Tank  
  176  9:01  Marine  
  176  9:02  Marine x8  
  191  9:19  Marine x2  
  191  9:20  Marine x6  
  199  9:26  Barracks Tech Lab x3  
  199  9:27  Marine  
  200  9:50  Concussive Shells  
  200  9:52  Unknown  
  200  9:53  Starport  
  200  9:54  Starport  
  200  9:55  Fusion Core  
  200  10:00  Command Center  
  200  10:03  Planetary Fortress  
  200  10:07  Missile Turret  
  200  10:09  Missile Turret  
  200  10:22  Terran Infantry Weapons Level 3, Terran Infantry Armor Level 3  
  200  10:33  Ghost Academy  
  200  10:41  Factory  
  200  10:42  Drilling Claws  
  200  10:55  Refinery  
  200  10:59  Refinery  
  200  11:07  Personal Cloaking  
  200  11:09  Starport Reactor x2, Advanced Ballistics  
  200  11:22  Planetary Fortress  
  200  11:27  Command Center  
  200  11:28  Command Center  
  200  11:37  Armory  
  200  11:42  Factory Reactor  
  200  12:34  Command Center x2  
Show
View Real Time Build Order
Export as new Build Order

A.I. 1 (Very Easy) Zerg 

Build Orders: Hatch First 

Get SALT Encoding   

  12  0:00  Drone  
  13  0:12  Overlord  
  13  0:16  Drone  
  14  0:43  Hatchery  
  14  0:45  Drone  
  14  1:04  Spawning Pool  
  14  1:06  Extractor  
  14  1:07  Drone  
  13  1:14  Drone  
  14  1:21  Overlord  
  14  1:51  Zergling x2  
  14  1:52  Queen  
  17  1:54  Zergling x2  
  17  1:58  Roach Warren  
  17  2:03  Drone  
  18  2:08  Extractor  
  18  2:12  Drone  
  18  2:17  Zergling x2  
  18  2:21  Drone  
  20  2:28  Drone  
  21  2:36  Drone  
  22  2:43  Drone  
  23  2:50  Drone  
  24  2:57  Drone  
  25  3:02  Roach  
  25  3:04  Drone  
  28  3:09  Overlord  
  28  3:14  Drone  
  29  3:21  Drone  
  29  3:26  Lair  
  30  3:28  Drone  
  31  3:40  Drone  
  32  3:47  Drone  
  34  3:48  Roach  
  34  3:54  Drone  
  35  4:01  Drone  
  35  4:02  Overlord  
  36  4:08  Drone  
  37  4:15  Drone  
  38  4:23  Drone  
  39  4:25  Overseer  
  39  4:27  Overseer  
  39  4:30  Drone  
  40  4:34  Roach, Ravager  
  40  4:37  Drone  
  44  4:43  Extractor  
  44  4:44  Drone  
  44  4:50  Extractor  
  44  4:51  Drone  
  44  4:58  Drone  
  45  5:00  Overlord  
  45  5:06  Drone  
  43  5:13  Drone  
  44  5:20  Drone  
  45  5:27  Drone  
  46  5:35  Drone  
  47  5:42  Drone  
  48  5:49  Drone  
  49  5:56  Drone  
  50  6:03  Drone  
  51  10:50  Pneumatized Carapace  
  51  10:51  Overseer  
  51  10:52  Overlord x2  
  51  10:53  Infestation Pit, Drone  
  51  10:55  Hydralisk Den  
  50  11:00  Drone  
  51  11:13  Zergling x2  
  43  11:40  Hydralisk  
  45  11:58  Overseer  
  44  12:01  Drone  
  44  12:02  Overlord  
  18  12:08  Drone  
  18  12:09  Zergling x2  
  17  12:15  Drone  
  17  12:19  Overseer  
  17  12:22  Overlord  
  4  12:30  Drone  
  1  12:37  Roach, Drone  
Tags
 
Add a new tag
Caveats
  • Supply blocks, unpowered buildings, or Contaminate may cause inaccurate times.
  • Supply counts are checked every 10 seconds.